 Dungeon Crawl Stone Soup version 0.26-a0-1120-ga1b6d6fda9 (webtiles) character file.

Game seed: 9029280118989164031

3365 Delamore the Basher (level 10, 0/59 HPs)
             Began as a Gargoyle Fighter on Dec 17, 2020.
             Was a Priest of Okawaru.
             Splashed by Harold's acid (6 damage)
             ... on level 7 of the Dungeon.
             The game lasted 00:08:52 (7360 turns).

Delamore the Basher (Gargoyle Fighter)              Turns: 7360, Time: 00:08:52

Health: 0/59       AC: 17    Str: 29    XL:     10   Next: 3%
Magic:  13/13      EV:  6    Int:  7    God:    Okawaru [***...]
Gold:   302        SH: 10    Dex: 10    Spells: 9/9 levels left

rFire    . . .     SeeInvis .   a - +0 flail
rCold    . . .     Faith    .   c - +0 kite shield
rNeg     + + .     Spirit   .   m - +0 chain mail
rPois    ∞         Reflect  .   l - +0 helmet
rElec    +         Harm     .   I - +2 ratskin cloak {*Rats rPois rN+ Str-1 Int-1 Dex+1}
rCorr    +         Rampage  .   C - +0 pair of gloves
Will     .....                  (no boots)
Stlth    ..........             r - amulet of regeneration
HPRegen  0.59/turn              j - ring of resist corrosion
MPRegen  0.13/turn              G - +6 ring of strength

@: corroded
A: negative energy resistance 1, electricity resistance, unbreathing,
petrification resistance, miasma immunity, AC +7
a: Renounce Religion, Heroism


You were on level 7 of the Dungeon.
You worshipped Okawaru.
Okawaru was most pleased with you.
You visited 2 branches of the dungeon, and saw 8 of its levels.
You also visited: Ossuary.

You collected 488 gold pieces.
You spent 186 gold pieces at shops.

Inventory:

Hand Weapons
 a - a +0 flail (weapon)
Missiles
 D - 5 javelins (quivered)
Armour
 b - a +0 scale mail
 c - a +0 kite shield (worn)
 l - a +0 helmet (worn)
 m - a +0 chain mail (worn)
 C - a +0 pair of gloves (worn)
 I - the +2 ratskin cloak (worn) {*Rats rPois rN+ Str-1 Int-1 Dex+1}
   (You found it on level 6 of the Dungeon)

   It affects your strength (-1).
   It affects your intelligence (-1).
   It affects your dexterity (+1).
   It protects you from poison.
   It protects you from negative energy.
Jewellery
 j - a ring of resist corrosion (left hand)
 r - an amulet of regeneration (around neck)
 x - an uncursed amulet of reflection
 G - a +6 ring of strength (right hand)
Wands
 o - a wand of flame (12)
 s - a wand of digging (7)
 y - a wand of iceblast (8)
 J - a wand of random effects (13)
 L - a wand of polymorph (12)
Scrolls
 e - 3 scrolls of amnesia
 g - 2 scrolls of enchant weapon
 h - 5 scrolls of teleportation
 k - 3 scrolls of fear
 u - a scroll of blinking
 z - 2 scrolls of immolation
 E - 4 scrolls of remove curse
 K - 2 scrolls of torment
Potions
 d - a potion of might
 f - a potion of flight
 i - 4 potions of resistance
 n - 3 potions of lignification
 p - 2 potions of degeneration
 q - 5 potions of curing {unknown}
 t - 2 potions of magic {unknown}
 v - a potion of mutation {unknown}
 w - 3 potions of heal wounds {unknown}
 A - a potion of berserk rage {unknown}
 B - 4 potions of brilliance {unknown}
 F - 3 potions of haste
 H - 3 potions of cancellation {unknown}


   Skills:
 - Level 5.0 Fighting
 + Level 11.2 Maces & Flails
 + Level 4.0 Throwing
 - Level 3.2 Armour
 - Level 5.0 Shields
 + Level 4.8 Invocations


You had 9 spell levels left.
You didn't know any spells.
Your spell library contained the following spells:

 Spells                   Type           Power        Failure   Level
 Corona                   Hex            0%           100%        1
 Slow                     Hex            0%           100%        2
 Inner Flame              Hex/Fire       0%           100%        3
 Portal Projectile        Hex/Tloc       0%           100%        3
 Cause Fear               Hex            0%           100%        4
 Leda's Liquefaction      Hex/Erth       0%           100%        4


Dungeon Overview and Level Annotations

Branches:
Dungeon (7/15)             Temple (1/1) D:5         Ossuary (visited)

Altars:
Ashenzari
Cheibriados
Elyvilon
Hepliaklqana
Nemelex Xobeh
Okawaru
Qazlal
Ru
Sif Muna
Vehumet
Xom
Yredelemnul
Zin
The Shining One

Shops:
D:6 =?

Annotations:
D:7 Harold


Innate Abilities, Weirdness & Mutations

You are resistant to torment.
Your stone body is resilient. (AC +7)
You are immune to poison.
You resist negative energy. (rN+)
You are resistant to electric shocks. (rElec)
You can survive without breathing.
You are immune to petrification.
You are immune to miasma.


Message History

You hit Harold.
Harold is severely wounded.
Harold zaps a wand.
The bolt of acid hits you. You resist.
A river rat scurries out from under your cloak.
The acid corrodes you!
You are splashed with acid.
You resist.
You hit Harold but do no damage.
Harold is severely wounded.
Harold zaps a wand.
The bolt of acid hits you. You resist.
A river rat scurries out from under your cloak.
You are splashed with acid.
You resist.
* * * LOW HITPOINT WARNING * * *
You hit Harold.
Harold is severely wounded.
Harold hits you but does no damage.
You hit Harold but do no damage.
Harold is severely wounded.
Harold zaps a wand.
The bolt of acid hits you! You resist.
* * * LOW HITPOINT WARNING * * *
You are splashed with acid.
You resist.
You die...

**** *** *## *,,* #.*####.###
#,,###.##......#
#.,,...,.......#
*********#..###.##....#.#
*,,,,,,,,.............#.#
*********#............#.#
#......r(......#
##########..####@#....#.#
............##.r@#....#.###
......<.....##.###........#
......................#.#######
.............#.###............#
########.#...#.###....#.####.##
# ##.................#.# #.#
####.........#.###..#.#.# #.#
.....)..................# #.#


You could see Harold and 2 friendly river rats.

Vanquished Creatures
  Grinder (D:5)
  Sigmund (D:3)
  Edmund (D:6)
  Duvessa (D:5)
  2 orc warriors
  A black bear (D:7)
  A sky beast (D:7)
  A phantom (D:7)
  4 ogres
  A centaur (D:7)
  An elf zombie (Ossuary)
  3 bullfrogs (D:7)
  Dowan (D:5)
  2 scorpions
  6 wights
  A howler monkey (D:6)
  7 centaur zombies (Ossuary)
  A bullfrog zombie (D:6)
  A hound (D:7)
  4 human zombies (Ossuary)
  4 jellies
  A centaur skeleton (D:5)
  2 orc wizards
  Jessica (D:3)
  Terence (D:2)
  2 iguanas
  A hell rat (D:6)
  2 worker ants (D:4)
  A hound zombie (D:6)
  3 mummies (Ossuary)
  2 worker ant zombies
  9 adders
  7 gnolls
  6 river rats (D:6)
  2 shadow imps
  2 white imps
  7 oozes (D:4)
  An adder zombie (D:5)
  An adder skeleton (D:6)
  4 worms
  2 dart slugs
  A leopard gecko (D:6)
  7 orcs
  2 ball pythons (D:3)
  9 giant cockroaches
  11 goblins
  4 hobgoblins
  5 jackals
  3 quokkas
  6 bats
  3 frilled lizards
  10 kobolds
  A leopard gecko zombie (D:6)
  23 rats
187 creatures vanquished.

Vanquished Creatures (others)
  4 fungi (D:4)
  2 plants (D:1)
  9 toadstools (D:4)
15 creatures vanquished.

Grand Total: 202 creatures vanquished

Notes
Turn   | Place    | Note
-------+----------+-------------------------------------------
     0 | D:1      | Delamore the Gargoyle Fighter began the quest for the Orb.
     0 | D:1      | Reached XP level 1. HP: 14/14 MP: 1/1
   280 | D:1      | Reached XP level 2. HP: 19/19 MP: 2/2
  1051 | D:2      | Reached XP level 3. HP: 24/24 MP: 3/3
  1244 | D:2      | Noticed Terence
  1270 | D:2      | Killed Terence
  1271 | D:2      | Reached skill level 3 in Maces & Flails
  1271 | D:2      | Reached XP level 4. HP: 24/29 MP: 4/4
  1332 | D:2      | Found a shimmering blue altar of Sif Muna.
  1610 | D:2      | Found a glowing silver altar of Zin.
  2034 | D:3      | Noticed an orc warrior
  2238 | D:3      | Reached XP level 5. HP: 34/34 MP: 5/5
  2257 | D:2      | Killed an orc warrior
  2531 | D:3      | Reached XP level 6. HP: 40/40 MP: 6/6
  2540 | D:3      | Reached skill level 5 in Fighting
  2598 | D:3      | Reached skill level 5 in Shields
  2627 | D:3      | Noticed Jessica
  2631 | D:3      | Killed Jessica
  2632 | D:3      | Reached skill level 4 in Maces & Flails
  2908 | D:3      | Noticed Sigmund
  3005 | D:4      | Found a sparkling altar of Nemelex Xobeh.
  3121 | D:3      | Killed Sigmund
  3122 | D:3      | Reached skill level 5 in Maces & Flails
  3122 | D:3      | Reached XP level 7. HP: 44/44 MP: 7/7
  3388 | D:4      | Reached skill level 6 in Maces & Flails
  4253 | D:5      | Entered Level 5 of the Dungeon
  4326 | D:5      | Reached skill level 7 in Maces & Flails
  4512 | D:5      | Found a staircase to the Ecumenical Temple.
  4513 | D:5      | Noticed Grinder
  4526 | D:5      | Paralysed by Grinder for 2 turns
  4534 | D:5      | Killed Grinder
  4535 | D:5      | Reached skill level 8 in Maces & Flails
  4535 | D:5      | Reached XP level 8. HP: 38/49 MP: 8/8
  4536 | Temple   | Entered the Ecumenical Temple
  4628 | Temple   | Became a worshipper of Warmaster Okawaru
  5020 | D:5      | Noticed Duvessa
  5021 | D:5      | Noticed Dowan
  5030 | D:5      | Killed Duvessa
  5037 | D:5      | Killed Dowan
  5076 | D:5      | Reached skill level 9 in Maces & Flails
  5791 | D:6      | Found Roipiej's Jewellery Boutique.
  5822 | D:6      | Noticed Edmund
  5844 | D:6      | Killed Edmund
  5845 | D:6      | Reached skill level 10 in Maces & Flails
  5873 | D:6      | Found Varchali's Magic Scroll Shop.
  5881 | D:6      | Bought a scroll of blinking for 82 gold pieces
  5881 | D:6      | Bought a scroll of fear for 38 gold pieces
  5881 | D:6      | Bought a scroll of identify for 22 gold pieces
  5881 | D:6      | Bought a scroll of identify for 22 gold pieces
  5881 | D:6      | Bought a scroll of identify for 22 gold pieces
  5903 | D:6      | Reached XP level 9. HP: 54/54 MP: 9/9
  5910 | D:6      | Reached * piety under Okawaru
  6342 | D:6      | Found the +2 ratskin cloak {*Rats rPois rN+ Str-1 Int-1
                  | Dex+1}
  6482 | D:7      | Reached skill level 1 in Throwing
  6482 | D:7      | Reached skill level 1 in Invocations
  6678 | D:7      | Reached ** piety under Okawaru
  6723 | D:7      | Found a sand-covered staircase.
  6731 | Ossuary  | Entered an ossuary
  6862 | Ossuary  | Reached skill level 11 in Maces & Flails
  7085 | D:7      | Reached *** piety under Okawaru
  7086 | D:7      | Reached XP level 10. HP: 59/59 MP: 13/13
  7347 | D:7      | Noticed Harold
  7360 | D:7      | Splashed by Harold's acid

Illustrated notes

Levels and vault maps discovered:
D:1:      lightli_arrival_quake, layout_basic, serial_forest,
          infiniplex_forest_end_1, infiniplex_forest_end_1,
          infiniplex_forest_clump_diagonal, infiniplex_forest_lined_room_2,
          infiniplex_forest_clump_C, infiniplex_forest_zigzag_2
D:2:      layout_loops_ring, zin_statuary, overflow_temple_1_default,
          uniq_terence
D:3:      layout_basic, hangedman_decor_clover_reticule,
          hangedman_decor_peaks_small, uniq_jessica, uniq_sigmund
D:4:      cheibrodos_fertilizer, layout_loops_ring, kennysheep_little_box
D:5:      minmay_evil_eye, layout_basic, minmay_temple_entry_metal_lava,
          uniq_duvessa, uniq_grinder
D:6:      wander_guarded_unrand_ratskin, layout_loops_ring, serial_shops,
          nicolae_shop_crystal, shop, kennysheep_generic_room_3, uniq_edmund
D:7:      layout_basic, chequers_ossuary_entry_cave, uniq_harold
Temple:   regret_index_temple_waves

Skill      XL: |  1  2  3  4  5  6  7  8  9 10 |
---------------+-------------------------------+-----
Fighting       | 4 5 |  5.0
Shields        | 4 5 |  5.0
Maces & Flails | 3 5 8 10 11 | 11.2
Throwing       | 3 4 |  4.0
Invocations    | 4 |  4.8
Armour         | |  3.2

Action                   |  1- 3 |  4- 6 |  7- 9 | 10-12 || total
-------------------------+-------+-------+-------+-------++-------
Melee: Flail             |   136 |   212 |   573 |    17 ||   938
Evoke: Wand              |       |       |     5 |       ||     5
  Use: Scroll            |       |     3 |     9 |       ||    12
Armor: Scale mail        |    60 |       |       |       ||    60
       Chain mail        |       |   170 |   288 |     6 ||   464
Dodge: Dodged            |    42 |    54 |   105 |       ||   201
Block: Kite shield       |    75 |   139 |   372 |     3 ||   589
       Reflection        |       |       |     5 |       ||     5

Table legend: (Time is in decaauts)
 A = Elapsed time spent in this place.
 B = Non-inter-level travel time spent in this place.
 C = Inter-level travel time spent in this place.
 D = Time resting spent in this place.
 E = Time spent auto-exploring this place.
 F = Levels seen in this place.
 G = Mean time per level.
                   A        B        C        D        E       F      G
               +--------+--------+--------+--------+--------+-----+--------+
         Total |   7473 |   7161 |    312 |    429 |   5041 |   9 |  830.3 |
       Dungeon |   7147 |   6861 |    286 |    429 |   4881 |   7 | 1021.0 |
        Temple |    122 |     96 |     26 |      0 |     89 |   1 |  122.0 |
       Ossuary |    204 |    204 |      0 |      0 |     71 |   1 |  204.0 |
               +--------+--------+--------+--------+--------+-----+--------+

Top non-repeatable levels by time:
     D:2: 1390 daAuts
     D:5: 1181 daAuts
     D:4: 1088 daAuts
     D:1: 1058 daAuts
     D:6: 927 daAuts
     D:3: 840 daAuts
     D:7: 661 daAuts
 Ossuary: 204 daAuts
  Temple: 122 daAuts
